 Dungeon Crawl Stone Soup version 5.1-80-g04056d8 (webtiles) character file.

7840 Amnesiac the Quickloader (level 12, -2/64 HPs)
             Began as a Spriggan Arcane Marksman on Nov 3, 2017.
             Was a High Priest of Okawaru.
             Killed from afar by a rime drake (16 damage)
             ... with a flash freeze
             ... on level 12 of the Dungeon.
             The game lasted 00:45:48 (12847 turns).

Amnesiac the Quickloader (SpAM)                    Turns: 12847, Time: 00:45:48

Health: -2/64      AC:  4 (0%)Str: 17   XL:     12   Next: 58%
Magic:  21/21      EV: 32    Int: 15    God:    Okawaru [5*[139]]
Gold:   1014       SH:  3    Dex: 16    Spells: 3/22 levels left

rFire    + . .     SeeInvis +   a - +0 arbalest (flame) {god gift}
rCold    + . .     Faith    .   (shield currently unavailable)
rNeg     + . .     Spirit   .   K - +1 robe of Kleptomania {rElec rC+ rN+}
rPois    .         Reflect  +   (helmet restricted)
rElec    +                      I - +0 cloak of Honesty {god gift, SInv}
rCorr    .                      (gloves unavailable)
MR       ++...                  (boots unavailable)
Stlth    +++.......             V - +3 amulet of reflection
Regen    0.2/turn               z - +6 ring of strength
MPRegen  0.3/turn               p - ring of fire

@: lethally poisoned (-2 -> -12), very quick
A: unfitting armour, see invisible, speed 2
a: Finesse, Renounce Religion


You were on level 12 of the Dungeon.
You worshipped Okawaru.
Okawaru was extremely pleased with you.
You were not hungry.

You visited 1 branch of the dungeon, and saw 12 of its levels.
You also visited: Sewer.

You collected 1014 gold pieces.

Inventory:

Hand Weapons
 a - a +0 arbalest of flaming (weapon) {god gift}
 b - a +2 dagger of venom
 F - a +1 double sword of freezing
Missiles
 d - 147 bolts (quivered)
 f - 77 poisoned darts
 l - 258 tomahawks
 t - 4 curare darts
 y - 53 frenzy darts
 R - 116 exploding tomahawks
Armour
 j - a +2 robe
 r - a +1 robe of magic resistance
 I - the +0 cloak of Honesty (worn) {god gift, SInv}
   (Okawaru gifted it to you on level 8 of the Dungeon)

   It lets you see invisible.
 K - the +1 robe of Kleptomania (worn) {rElec rC+ rN+}
   (You found it on level 8 of the Dungeon)

   It protects you from cold.
   It insulates you from electricity.
   It protects you from negative energy.
 M - a +0 troll leather armour
 S - a +1 robe of fire resistance
Jewellery
 m - an uncursed ring of resist corrosion
 p - a ring of fire (right hand)
 v - an uncursed ring of wizardry
 z - a +6 ring of strength (left hand)
 G - an uncursed ring of fire
 J - an uncursed ring of poison resistance
 L - a +3 ring of intelligence
 V - a +3 amulet of reflection (around neck)
Wands
 s - a wand of polymorph (4)
 x - a wand of flame (11)
 O - a wand of lightning (3)
 Q - a wand of iceblast (7)
 T - a wand of disintegration (8)
Scrolls
 e - 4 scrolls of blinking {!r}
 g - 3 scrolls of enchant weapon {!r}
 h - 4 scrolls of enchant armour {!r}
 k - 5 scrolls of teleportation {!r}
 n - a scroll of amnesia {!r}
 u - 2 scrolls of fear {!r}
 C - 2 scrolls of fog {!r}
 D - 2 scrolls of magic mapping {!r}
Potions
 i - 5 potions of curing {!q}
 o - 2 potions of invisibility {!q}
 q - 3 potions of mutation {!q}
 w - 3 potions of heal wounds {!q}
 A - 4 potions of augmentation {!q}
 B - 8 potions of flight {!q}
 E - a potion of lignification {!q}
 H - 2 potions of ambrosia {!q}
 N - 2 potions of cancellation {!q}
 P - a potion of magic {!q}
 U - a potion of berserk rage {!q}


   Skills:
 + Level 8.1(12.1) Fighting
 * Level 12.4(16.4) Crossbows
 + Level 12.3(16.3) Dodging
 - Level 5.5 Spellcasting
 - Level 9.0 Hexes
 - Level 2.7 Translocations
 - Level 8.0 Invocations


You had 3 spell levels left.
You knew the following spells:

 Your Spells              Type           Power        Failure   Level  Hunger
a - Corona                Hex            31 (90)      1%          1    N/A
b - Cause Fear            Hex            31 (200)     3%          4    N/A
c - Olgreb's Toxic Radia  Hex            31 (100)     11%         5    N/A
d - Passwall              Tmut/Erth      4 (200)      24%         2    N/A
e - Slow                  Hex            31 (100)     1%          2    N/A
v - Blink                 Tloc           N/A          8%          2    N/A
z - Portal Projectile     Hex/Tloc       21 (50)      4%          3    N/A

Dungeon Overview and Level Annotations

Branches:
Dungeon (12/15)

Altars:
Cheibriados
Dithmenos
Elyvilon
Gozag
Hepliaklqana
Jiyva
Kikubaaqudgha
Makhleb
Okawaru
Qazlal
Ru
Sif Muna
Trog
Uskayaw
Vehumet
Xom
Yredelemnul
Zin
The Shining One


Innate Abilities, Weirdness & Mutations

You are tiny and cannot use many weapons and most armour.
You have supernaturally acute eyesight. (SInv)
You cover ground very quickly.


Message History

You shoot a bolt. The bolt hits the orc high priest (10)!
The bolt burns the orc high priest (3).
The orc high priest is severely wounded.
You hear a shout!
The orc high priest utters an invocation to Beogh.
An orc comes into view. It is wielding a +0 mace.
Firing (i - inventory. (,) - cycle):
d - 152 bolts (quivered)
Press: ? - help, Shift-Dir - straight line, f/p - orc high priest
Aim: an orc high priest (severely wounded)
You shoot a bolt.
The bolt barely misses the ice devil (0).
The bolt hits the orc high priest (5).
The bolt burns the orc high priest (2).
The orc high priest is almost dead.
The orange demon stings you from afar (2).
You are poisoned.
The orange demon poisons you! The ice devil hits you (3).
The ice devil freezes you (9)! You resist.
Firing (i - inventory. (,) - cycle):
d - 151 bolts (quivered)
Press: ? - help, Shift-Dir - straight line, f/p - ice devil
Aim: an ice devil (summoned)
You shoot a bolt. The bolt hits the ice devil (25)!!
The bolt burns the ice devil (1).
The ice devil is severely wounded.
You feel sick.
The orc high priest calls down the wrath of Beogh upon you.
Beogh smites you (11)!
* * * LOW HITPOINT WARNING * * *
The ice devil closely misses you.
The orange demon stings you but does no damage.
Firing (i - inventory. (,) - cycle):
d - 150 bolts (quivered)
Press: ? - help, Shift-Dir - straight line, f/p - ice devil
Aim: an ice devil (severely wounded, summoned)
You shoot a bolt. The bolt hits the ice devil (14)!
The bolt burns the ice devil (3).
You kill the ice devil!
You feel sick.
The orc high priest prays to Beogh.
The orange demon completely misses you.
You feel sick. The orange demon misses you.
Firing (i - inventory. (,) - cycle):
d - 149 bolts (quivered)
Press: ? - help, Shift-Dir - straight line, f - orange demon
Aim: an orange demon (summoned)
You shoot a bolt.
The bolt hits the orange demon but does no damage.
You feel sick.
The smoke demon disappears in a puff of smoke!
The orc sorcerer gestures at you while chanting.
The bolt of negative energy hits the orange demon (0).
The orange demon completely resists.
The bolt of negative energy misses you.
The orange demon stings you from afar (2).
* * * LOW HITPOINT WARNING * * *
Firing (i - inventory. (,) - cycle):
d - 148 bolts (quivered)
Press: ? - help, Shift-Dir - straight line, f - orc sorcerer, p - orange demon
Aim: an orc sorcerer, wearing a +0 robe You shoot a bolt.
The bolt hits the orc high priest (16)!
The bolt burns the orc high priest (4).
You kill the orc high priest!
Okawaru accepts your kill.
The orange demon disappears in a puff of smoke!
The soul eater disappears in a puff of smoke!
You feel sick. The rime drake breathes ice at you. The flash freeze hits you!
You partially resist.
That hurt (16)!
You die...

## ##. .# .## ..# ..##.
.P# ###... .....
###########.##..##
...)PP
.P...#...#..#..#.# ....
...............#.###§o#
...................§o.##
................P#.ko..#
.#...P.....#.#..@..#...#
..####P....##....###
....# ### ##...##....##
.... ##......#...## ...
#.#.....#....# ..
##....##.....# .
#....#.##..#....
##............#.
#..............


You could see a rime drake, an orc sorcerer and 2 orcs.

Vanquished Creatures
  An orc warlord (D:7)
  Josephine (D:10)
  Harold (D:10)
  2 two-headed ogres
  A death yak (D:10)
  An orc high priest (D:12)
  An obsidian statue (D:11)
  An ugly thing (D:11)
  A deep elf mage (D:12)
  Psyche (D:10)
  Joseph (D:7)
  A gargoyle (D:10)
  4 spiny frogs
  4 polar bears (D:10)
  Prince Ribbit (D:6)
  3 trolls
  3 blink frogs (D:10)
  5 wraiths (D:10)
  11 yaks
  A human (D:8)
  Grum (D:9)
  A wyvern (D:7)
  13 wargs (D:7)
  A water moccasin (D:8)
  9 ice beasts
  2 wasps
  2 black bears
  9 orc warriors
  A spiny frog skeleton (D:7)
  2 phantoms
  A black mamba simulacrum (D:10)
  5 ogres
  4 wolves
  A blink frog zombie (D:9)
  6 centaurs
  Blork the orc (D:4)
  A big kobold (Sewer)
  2 bullfrogs
  A spiny frog simulacrum (D:10)
  2 wyvern skeletons
  A scorpion (D:7)
  A blink frog simulacrum (D:10)
  A crimson imp (D:6)
  11 killer bees
  11 wights
  An electric eel (D:10)
  3 howler monkeys (D:3)
  A centaur zombie (D:10)
  6 jellies
  A quasit (D:5)
  A wasp zombie (D:9)
  3 bullfrog zombies
  A wyvern simulacrum (D:10)
  2 hounds
  11 orc wizards
  A gnoll shaman (D:8)
  7 orc priests
  A bullfrog skeleton (D:5)
  A centaur skeleton (D:4)
  Jessica (D:2)
  Terence (D:2)
  A human skeleton (D:8)
  5 worker ants
  An iguana (D:6)
  A centaur simulacrum (D:10)
  2 hound skeletons
  7 gnolls
  6 adders
  2 shadow imps
  11 white imps (D:10)
  4 ufetubi (D:10)
  An ooze (D:3)
  61 orcs
  4 quokkas
  4 giant cockroaches
  6 goblins
  9 hobgoblins
  2 jackals (D:6)
  4 ball pythons
  11 bats
  5 frilled lizards
  A jackal skeleton (D:4)
  22 kobolds
  7 rats
354 creatures vanquished.

Notes
Turn   | Place    | Note
-------+----------+-------------------------------------------
     0 | D:1      | Amnesiac the Spriggan Arcane Marksman began the quest for the Orb.
     0 | D:1      | Reached XP level 1. HP: 9/9 MP: 3/3
   419 | D:1      | Reached XP level 2. HP: 14/14 MP: 4/6
   432 | D:1      | Learned a level 2 spell: Slow
   855 | D:2      | Noticed Jessica
   860 | D:2      | Killed Jessica
   860 | D:2      | Reached XP level 3. HP: 17/17 MP: 5/7
   894 | D:2      | Noticed Terence
   925 | D:2      | Killed Terence
   948 | D:2      | Found a viscous altar of Jiyva.
   949 | D:2      | Found a burning altar of Makhleb.
   953 | D:2      | Found an iron altar of Okawaru.
   953 | D:2      | Found an ancient bone altar of Kikubaaqudgha.
   954 | D:2      | Found a glowing golden altar of the Shining One.
   954 | D:2      | Found a white marble altar of Elyvilon.
   955 | D:2      | Found a hazy altar of Hepliaklqana.
   956 | D:2      | Found a deep blue altar of Sif Muna.
   961 | D:2      | Became a worshipper of Warmaster Okawaru
   966 | D:2      | Reached skill level 1 in Fighting
   983 | D:2      | Reached XP level 4. HP: 19/22 MP: 6/8
   993 | D:2      | Learned a level 4 spell: Cause Fear
  1489 | D:3      | Found a faded altar of an unknown god.
  1505 | D:3      | Reached XP level 5. HP: 25/25 MP: 7/9
  1879 | D:3      | Reached skill level 5 in Crossbows
  2008 | D:3      | Found a glowing silver altar of Zin.
  2186 | D:3      | Reached XP level 6. HP: 30/30 MP: 10/10
  2748 | D:4      | Noticed Blork the orc
  2781 | D:4      | Killed Blork the orc
  2937 | D:4      | Reached * piety under Okawaru
  2937 | D:4      | Reached XP level 7. HP: 36/36 MP: 11/11
  2991 | D:4      | Reached skill level 5 in Dodging
  3086 | D:4      | Found a sacrificial altar of Ru.
  3086 | D:4      | Found a snail-covered altar of Cheibriados.
  3086 | D:4      | Found a bloodstained altar of Trog.
  3086 | D:4      | Found a basalt altar of Yredelemnul.
  3086 | D:4      | Found an opulent altar of Gozag.
  3086 | D:4      | Found a stormy altar of Qazlal.
  3086 | D:4      | Found a shimmering altar of Xom.
  3086 | D:4      | Found a shadowy altar of Dithmenos.
  3311 | D:4      | Found a radiant altar of Vehumet.
  3312 | D:4      | Found a hide-covered altar of Uskayaw.
  3327 | D:5      | Entered Level 5 of the Dungeon
  3474 | D:5      | Found a glowing drain.
  3532 | D:5      | Got the +5 hand axe of Fate {freeze, rF+ Int+4}
  3540 | Sewer    | Entered a sewer
  3965 | D:5      | Reached XP level 8. HP: 13/42 MP: 12/12
  4804 | D:6      | Reached ** piety under Okawaru
  5104 | D:6      | Noticed Prince Ribbit
  5133 | D:6      | Killed Prince Ribbit
  5410 | D:6      | Reached XP level 9. HP: 37/46 MP: 13/13
  5433 | D:6      | Reached *** piety under Okawaru
  5835 | D:7      | Reached skill level 5 in Fighting
  5890 | D:7      | Reached skill level 5 in Hexes
  6384 | D:7      | Learned a level 2 spell: Blink
  6390 | D:7      | Learned a level 5 spell: Olgreb's Toxic Radiance
  6400 | D:7      | Reached **** piety under Okawaru
  6556 | D:7      | Noticed Joseph
  6573 | D:7      | Killed Joseph
  6573 | D:7      | Received a gift from Okawaru
  6573 | D:7      | Reached skill level 5 in Spellcasting
  6573 | D:7      | Reached XP level 10. HP: 28/51 MP: 2/18
  6921 | D:7      | Learned a level 3 spell: Portal Projectile
  6925 | D:7      | Noticed an orc warlord
  6935 | D:7      | Reached skill level 1 in Translocations
  7252 | D:7      | Killed an orc warlord
  7411 | D:7      | Reached skill level 10 in Crossbows
  7411 | D:7      | Reached skill level 10 in Dodging
  7427 | D:7      | Reached ***** piety under Okawaru
  7460 | D:7      | Received a gift from Okawaru
  7713 | D:7      | Got the +4 rapier of Infection {vamp, Str+2}
  8187 | D:8      | Noticed a two-headed ogre
  8226 | D:8      | Killed a two-headed ogre
  8226 | D:8      | Reached XP level 11. HP: 56/56 MP: 20/20
  8253 | D:8      | Found a runed door.
  8256 | D:8      | Found a basalt altar of Yredelemnul.
  8320 | D:8      | Received a gift from Okawaru
  8321 | D:8      | Got the +0 cloak of Honesty {god gift, SInv}
  8622 | D:8      | Got the +1 robe of Kleptomania {rElec rC+ rN+}
  8881 | D:9      | Reached skill level 1 in Invocations
  9066 | D:9      | Noticed Grum
  9080 | D:9      | Killed Grum
  9168 | D:9      | Noticed a two-headed ogre
  9186 | D:9      | Killed a two-headed ogre
  9186 | D:9      | Reached skill level 5 in Invocations
  9613 | D:10     | Entered Level 10 of the Dungeon
 10025 | D:10     | Noticed Josephine
 10094 | D:10     | Killed Josephine
 10910 | D:10     | Noticed a death yak
 10910 | D:10     | Noticed Harold
 10981 | D:10     | Killed a death yak
 10981 | D:10     | Reached XP level 12. HP: 24/63 MP: 21/21
 11164 | D:10     | Killed Harold
 11170 | D:10     | Found a glowing golden altar of the Shining One.
 11176 | D:10     | Noticed Psyche
 11203 | D:10     | Killed Psyche
 11203 | D:10     | Received a gift from Okawaru
 11464 | D:10     | Received a gift from Okawaru
 11963 | D:11     | Learned a level 2 spell: Passwall
 12833 | D:12     | Noticed an orc high priest
 12847 | D:12     | Killed an orc high priest
 12847 | D:12     | Killed from afar by a rime drake

Skill      XL: |  1  2  3  4  5  6  7  8  9 10 11 12 |
---------------+-------------------------------------+-----
Spellcasting   | 2 5 |  5.5
Hexes          | 4 8 9 |  9.0
Crossbows      | 3 4 6 8 9 10 11 12 | 12.4
Fighting       | 1 3 4 5 6 7 8 |  8.1
Dodging        | 4 6 8 10 11 12 | 12.3
Translocations | 2 |  2.7
Invocations    | 8 |  8.0

Action                   |  1- 3 |  4- 6 |  7- 9 | 10-12 || total
-------------------------+-------+-------+-------+-------++-------
Melee: Flail             |       |    46 |   195 |       ||   241
       Dagger            |       |       |   115 |   294 ||   409
       Punch             |       |       |       |     7 ||     7
 Fire: Hand crossbow     |    42 |    28 |       |       ||    70
       Arbalest          |       |     7 |   126 |   394 ||   527
Throw: Tomahawk          |       |    41 |       |       ||    41
       Poisoned dart     |       |    38 |    11 |    14 ||    63
       Curare dart       |       |       |     2 |    12 ||    14
 Cast: Corona            |    17 |    20 |    12 |     4 ||    53
       Slow              |     1 |     5 |    18 |    20 ||    44
       Cause Fear        |       |       |     5 |     1 ||     6
       Olgreb's Toxic Ra |       |       |     4 |    15 ||    19
       Portal Projectile |       |       |       |     5 ||     5
  Use: Potion            |       |     1 |     5 |     2 ||     8
 Stab: Sleeping          |       |     5 |     1 |     7 ||    13
       Distracted        |       |       |       |     1 ||     1
Armor: Robe              |     1 |     9 |    32 |    15 ||    57
       Skin              |       |       |     7 |       ||     7
Dodge: Dodged            |    13 |    69 |   455 |   382 ||   919
